 Dungeon Crawl Stone Soup version 0.19.0-2-gae57169 (webtiles) character file.

317 lorenzova the Conjurer (level 6, -4/32 HPs)
             Began as a Deep Elf Conjurer on Nov 5, 2016.
             Slain by a worker ant (5 damage)
             ... on level 4 of the Dungeon.
             The game lasted 00:07:30 (4541 turns).

lorenzova the Conjurer (Deep Elf Conjurer)          Turns: 4541, Time: 00:07:31

Health: -4/32      AC:  2    Str:  5    XL:     6   Next: 20%
Magic:  11/17      EV: 13    Int: 22    God:
Gold:   242        SH:  0    Dex: 15    Spells: 3 memorised, 8 levels left

rFire  . . .     SeeInvis .     t - +2 short sword (flame)
rCold  . . .     Gourm    .     a - +0 robe
rNeg   . . .     Faith    .     (no shield)
rPois  .         Spirit   .     (no helmet)
rElec  .         Reflect  .     (no cloak)
rCorr  .         Harm     .     (no gloves)
MR     .....                    (no boots)
Stlth  ++........               (no amulet)
                                (no ring)
                                (no ring)

@: lethally poisoned (-4 -> -9), very slightly contaminated, slowed, very slow
A: no striking features
a: no special abilities


You were on level 4 of the Dungeon.
You were near starving.

You visited 1 branch of the dungeon, and saw 4 of its levels.

You collected 242 gold pieces.

Inventory:

Hand Weapons
 t - a +2 short sword of flaming (weapon)
Armour
 a - a +0 robe (worn)
Scrolls
 j - 3 scrolls of remove curse {unknown}
 k - a scroll of enchant weapon {unknown}
 m - 6 scrolls of identify {unknown}
 o - 3 scrolls of magic mapping {unknown}
 r - a scroll of recharging {unknown}
 s - a scroll of fog {unknown}
Potions
 d - a potion of might {unknown}
 e - 4 potions of curing {unknown}
 f - 2 potions of haste {unknown}
 g - a potion of resistance {unknown}
 h - 2 potions of brilliance {unknown}
 l - a potion of cure mutation {unknown}
 q - a potion of flight {unknown}
Books
 b - a book of Conjurations

   Spells                             Type                      Level
   a - Magic Dart                     Conjuration                  1
   b - Searing Ray                    Conjuration                  2
   c - Dazzling Spray                 Conjuration/Hexes            3
   d - Fulminant Prism                Conjuration/Hexes            4
   e - Iskenderun's Mystic Blast      Conjuration                  4
   f - Iskenderun's Battlesphere      Conjuration/Charms           5
 p - a book of Misfortune

   Spells                             Type                      Level
   a - Confusing Touch                Hexes                        1
   b - Confuse                        Hexes                        3
   c - Gell's Gravitas                Hexes/Translocation          3
   d - Petrify                        Transmutation/Earth          4
   e - Metabolic Englaciation         Hexes/Ice                    5
   f - Yara's Violent Unravelling     Hexes/Transmutation          5
Comestibles
 c - a bread ration
 i - 4 slices of pizza
 n - a beef jerky


   Skills:
 - Level 2.4 Dodging
 - Level 2.4 Stealth
 * Level 6.5 Spellcasting
 * Level 6.6 Conjurations
 + Level 0.4 Charms


You had 8 spell levels left.
You knew the following spells:

 Your Spells              Type           Power        Failure   Level  Hunger
a - Magic Dart            Conj           ####         1%          1    None
b - Iskenderun's Battles  Conj/Chrm      ###.....     63%         5    #####..
c - Iskenderun's Mystic   Conj           #####...     8%          4    ###....


Dungeon Overview and Level Annotations

Branches:
Dungeon (4/15)
 Temple: D:4-7

Altars:
Cheibriados
Kikubaaqudgha
Xom

Shops:
D:4 :

Annotations:
D:4 xeno23's ghost, amateur DEFE


Message History

[Y]es or [N]o only, please.
The spell is very dangerous to cast!
Continue anyway? [Y]es or [N]o only, please.
The spell is very dangerous to cast!
Continue anyway? [Y]es or [N]o only, please.
The spell is very dangerous to cast!
Continue anyway?
Okay, then.
Casting: Iskenderun's Battlesphere
Confirm with . or Enter, or press ? or * to list all spells.
The spell is very dangerous to cast!
Continue anyway?
You miscast Iskenderun's Battlesphere.
You are very lightly contaminated with residual magic.
You feel yourself slow down.
You feel sick. The worker ant completely misses you.
You can't go down here!
The worker ant waves its antennae.
The worker ant bites you.
* * * LOW HITPOINT WARNING * * *
The worker ant bites you.
You die...

#.###.# #........#
#..#.### #.######.#
##.###.# #.# #.# #.....#
#.# #.# #.....# #.# #.#
#######.....####.######.#
.............W..W...>##.#
####.###########a###.##.#
####.######### #@# #.##.#
........(....# ### #.##.#
####.###.....# #.##.# #.#
#.....# #.##.# #.#
####.## #.##.# . #.# #.#
#.##.# #.# #.# #.##.# #.#
#.# #.##.# #.# #.# #.##.#


You could see a worker ant and xeno23's ghost.

Vanquished Creatures
  The ghost of Vajrapani the Cudgeler, an amateur FoFi (D:3)
  2 vampire bats (D:3)
  An iguana (D:4)
  A gnoll (D:1)
  An adder (D:2)
  An ooze (D:1)
  3 worms
  3 dart slugs
  2 leopard geckos
  6 orcs
  3 bat skeletons (D:3)
  4 bat zombies (D:3)
  4 giant cockroaches
  11 goblins
  4 hobgoblins
  11 bats
  11 frilled lizards
  A jackal skeleton (D:4)
  13 kobolds
  7 rats
90 creatures vanquished.

Notes
Turn   | Place    | Note
-------+----------+-------------------------------------------
     0 | D:1      | lorenzova the Deep Elf Conjurer began the quest for the Orb.
     0 | D:1      | Reached XP level 1. HP: 10/10 MP: 6/6
    29 | D:1      | Reached XP level 2. HP: 10/15 MP: 0/8
   747 | D:1      | Reached XP level 3. HP: 19/19 MP: 8/10
   938 | D:1      | Reached skill level 5 in Conjurations
  1543 | D:2      | Reached XP level 4. HP: 22/24 MP: 7/12
  1568 | D:2      | Learned a level 4 spell: Iskenderun's Mystic Blast
  1657 | D:2      | Found a snail-covered altar of Cheibriados.
  2050 | D:3      | Found a shimmering altar of Xom.
  2366 | D:3      | Reached skill level 5 in Spellcasting
  2428 | D:3      | Noticed Vajrapani's ghost (amateur FoFi)
  3057 | D:3      | Found an ancient bone altar of Kikubaaqudgha.
  3068 | D:3      | Reached XP level 5. HP: 22/28 MP: 14/14
  3668 | D:3      | Killed Vajrapani's ghost
  3668 | D:3      | Reached XP level 6. HP: 11/32 MP: 0/17
  3865 | D:3      | Learned a level 5 spell: Iskenderun's Battlesphere
  4034 | D:4      | Found Xapryeno's Book Shop.
  4517 | D:4      | Noticed xeno23's ghost (amateur DEFE)
  4541 | D:4      | HP: 1/32 [worker ant (6)]
  4541 | D:4      | Slain by a worker ant

Skill      XL: |  1  2  3  4  5 |
---------------+----------------+-----
Spellcasting   | 4 5 6 |  6.5
Conjurations   | 5 6 |  6.6
Dodging        | |  2.4
Stealth        | |  2.4
Charms         | |  0.4

Action                   |  1- 3 |  4- 6 || total
-------------------------+-------+-------++-------
Melee: Hand axe          |     4 |     5 ||     9
       Short sword       |       |    26 ||    26
 Cast: Magic Dart        |    82 |    98 ||   180
       Iskenderun's Myst |       |     9 ||     9
 Stab: Sleeping          |       |     2 ||     2
  Eat: Chunk             |     1 |     8 ||     9
       Beef jerky        |       |     1 ||     1
Armor: Robe              |     1 |    19 ||    20
Dodge: Dodged            |     9 |    66 ||    75
